Enclosed
506667873Analyzed1v1 RM
·
19d ago on Sep 14, 2026·
28m 15s·
2 players
Game mode
Random Map
Map size
Tiny (2 player)
Population
200
Speed
Normal
Resources
Standard
Victory
Conquest
Starting age
Dark Age
Ending age
Imperial Age
RankedLock teamsTeams togetherTeam positionsShared explorationLock speedFull tech treeHidden civsTurbo modeCheats
Victory
Defeat
Replay analysis
Ralimak
7:38
Loom
10:13
Feudal Age
8:30
Loom
10:58
Double-Bit Axe
15:58
Wheelbarrow
18:04
Bloodlines
18:42
Horse Collar
22:12
Castle Age
20:24
Scale Barding Armor
20:56
Forging
23:53
Bow Saw
23:46
Heavy Plow
25:37
Capped Ram
dushi
9:14
Loom
11:01
Feudal Age
12:16
Double-Bit Axe
17:27
Castle Age
18:31
Bow Saw
22:34
Fletching
24:41
Bodkin Arrow
25:11
Town Watch
26:29
Ballistics
27:05
Pikeman